 Dungeon Crawl Stone Soup version 0.29-a0-506-ga2e7fffb44 (webtiles) character file.

Game seed: 6989088075217501083

309 porpoise the Gusty (level 6, -2/38 HPs)
             Began as a Tengu Air Elementalist on May 29, 2022.
             Slain by a phantom (7 damage)
             ... on level 4 of the Dungeon.
             The game lasted 00:21:17 (4923 turns).

porpoise the Gusty (Tengu Air Elementalist)         Turns: 4923, Time: 00:21:18

Health: -2/38      AC:  2    Str: 10    XL:     6   Next: 41%
Magic:  10/10      EV: 14    Int: 21    God:
Gold:   286        SH:  0    Dex: 15    Spells: 1/9 levels left

rFire   . . .      SeeInvis .   a - +0 short sword
rCold   . . .      Faith    .   (no shield)
rNeg    . . .      Spirit   .   d - +0 robe
rPois   .          Reflect  .   (helmet restricted)
rElec   .          Harm     .   (no cloak)
rCorr   +          Rampage  .   (no gloves)
Will    .....                   (boots unavailable)
Stlth   ++........              p - amulet of magic regeneration
HPRegen 0.12/turn               g - ring of resist corrosion
MPRegen 0.52/turn               s - +6 ring of intelligence

@: flying quickly and evasively, quick
A: beak, talons 3, nimble flight
a: no special abilities


You were on level 4 of the Dungeon.
You visited 1 branch of the dungeon, and saw 4 of its levels.

You collected 286 gold pieces.

Inventory:

Hand Weapons
 a - a +0 short sword (weapon)
 b - a +0 hunting sling
Missiles
 j - 6 poisoned darts
 u - a throwing net
Armour
 d - a +0 robe (worn)
Jewellery
 c - a ring of ice
 e - a ring of fire
 g - a ring of resist corrosion (left hand)
 p - an amulet of magic regeneration (around neck)
 s - a +6 ring of intelligence (right hand)
Wands
 i - a wand of paralysis (9)
Scrolls
 f - a scroll of brand weapon {unknown}
 h - a scroll of noise {unknown}
 k - a scroll of fog {unknown}
 l - 2 scrolls of teleportation {unknown}
 n - a scroll of summoning {unknown}
 r - a scroll of magic mapping {unknown}
 t - a scroll of silence {unknown}
Potions
 m - a potion of cancellation {unknown}
 o - a potion of haste {unknown}
 q - a potion of magic
 v - a potion of lignification {unknown}


   Skills:
 * Level 4.2 Fighting
 - Level 2.1 Dodging
 - Level 2.0 Stealth
 - Level 2.0 Spellcasting
 + Level 4.2 Conjurations
 + Level 5.8 Air Magic


You had one spell level left.
You knew the following spells:

 Your Spells              Type           Power      Damage    Failure   Level
a - Magic Dart            Conj           76%        1d6       2%          1
d - Static Discharge      Conj/Air       23%        N/A       2%          2
r - Airstrike             Air            13%        N/A       14%         4
s - Shock                 Conj/Air       92%        1d8       1%          1

Your spell library contained the following spells:

 Spells                   Type           Power      Damage    Failure   Level
 Necrotize                Necr           8%         1d4       14%         1
 Swiftness                Air            26%        N/A       4%          3
 Mephitic Cloud           Conj/Pois/Air  16%        N/A       11%         3
 Call Imp                 Summ           2%         N/A       22%         2
 Confusing Touch          Hex            2%         N/A       41%         3
 Vampiric Draining        Necr           2%         2d6       41%         3
 Agony                    Necr           2%         N/A       99%         5
 Yara's Violent Unravell  Hex/Tmut       1%         3d3       99%         5
 Enfeeble                 Hex            1%         N/A       100%        7


Dungeon Overview and Level Annotations

Branches:
Dungeon (4/15)
 Temple: D:4-7

Altars:


Innate Abilities, Weirdness & Mutations

You have a beak for a mouth.
You have claws for feet.
Your magical nature lets you fly swiftly and evasively.


Message History

You shoot a sling bullet.
The sling bullet hits the phantom but does no damage.
The phantom is almost destroyed.
The goblin misses you. The phantom closely misses you.
The phantom hits you but does no damage.
The goblin misses you.
Fire: b) +0 hunting sling
Press: ? - help, Q - select action, (/) - cycle Shift-Dir - straight line, f/p - phantom
Aim: a phantom (almost destroyed, 46% to hit)
You shoot a sling bullet.
The sling bullet closely misses the phantom.
The goblin misses you. The phantom barely misses you.
Fire: b) +0 hunting sling
Press: ? - help, Q - select action, (/) - cycle Shift-Dir - straight line, f/p - phantom
Aim: a phantom (almost destroyed, 46% to hit)
You shoot a sling bullet.
The sling bullet barely misses the phantom.
The goblin closely misses you. The phantom barely misses you.
The goblin closely misses you.
The phantom hits you but does no damage.
Fire: b) +0 hunting sling
Press: ? - help, Q - select action, (/) - cycle Shift-Dir - straight line, f/p - phantom
Aim: a phantom (almost destroyed, 46% to hit)
You shoot a sling bullet.
The sling bullet barely misses the phantom.
The goblin completely misses you. The phantom hits you.
* * * LOW HITPOINT WARNING * * *
a - a +0 short sword (weapon)
The goblin closely misses you. The phantom closely misses you.
You are too injured to fight recklessly!
You closely miss the phantom. Your kick misses the phantom.
Your peck misses the phantom.
The phantom is almost destroyed.
The goblin hits you but does no damage. The phantom hits you.
* * * LOW HITPOINT WARNING * * *
The phantom blinks!
You blink.
You hit the phantom.
The phantom is almost destroyed.
The phantom hits you!
You die...

#.#####.# #?...####
#.......####...####
####.#.##....ยง....####
#..#.#.....g.......
#######.###..........####
.......#.#.####...####
#.####.##<#...........#
#.# #.##.#.###.W.###.#
#.# #. #.#.# ##@## #.#
#.#.# #.# #.# #.#.# #..
#.# ..#.# ####
..######..#.#
..........#.#
..(.......?..
.#######.##.. .# ##..


You could see a phantom and a goblin.

Vanquished Creatures
  A scorpion (D:4)
  An orc priest (D:4)
  A hound (D:4)
  An iguana (D:4)
  An orc wizard (D:3)
  3 gnolls (D:4)
  2 adders (D:2)
  2 worms (D:3)
  A dart slug (D:3)
  9 orcs
  8 ball pythons
  5 endoplasms
  2 giant cockroaches
  6 goblins
  6 hobgoblins
  4 jackals (D:1)
  4 kobolds
  4 quokkas
  5 bats
  3 frilled lizards
  3 rats
72 creatures vanquished.

Vanquished Creatures (others)
  An orc wizard (D:4)
1 creature vanquished.

Grand Total: 73 creatures vanquished

Notes
Turn   | Place    | Note
-------+----------+-------------------------------------------
     0 | D:1      | porpoise the Tengu Air Elementalist began the quest for the
                  | Orb.
     0 | D:1      | Reached XP level 1. HP: 10/10 MP: 4/4
   217 | D:1      | Reached XP level 2. HP: 16/16 MP: 3/6
   286 | D:1      | Learned a level 2 spell: Static Discharge
   320 | D:1      | Reached skill level 1 in Fighting
   992 | D:1      | Learned a level 1 spell: Magic Dart
  1133 | D:1      | Reached XP level 3. HP: 20/20 MP: 4/7
  1599 | D:2      | Found a faded altar of an unknown god.
  1991 | D:2      | You fall into a shaft and drop 1 floor!
  2034 | D:3      | Reached XP level 4. HP: 24/26 MP: 4/8
  2540 | D:3      | Reached skill level 5 in Air Magic
  3531 | D:3      | Gained mutation: Your magical nature lets you fly swiftly
                  | and evasively. [Tengu growth]
  3531 | D:3      | Reached XP level 5. HP: 7/32 MP: 6/9
  4254 | D:4      | Learned a level 4 spell: Airstrike
  4330 | D:4      | Reached XP level 6. HP: 34/38 MP: 5/10
  4923 | D:4      | Slain by a phantom

Illustrated notes

Levels and vault maps discovered:
D:1:      psy_arrival_statuary, layout_basic, patterned_corridor
D:2:      layout_basic, ebering_ecumenical_altar_box, kennysheep_flooded_box
D:3:      layout_basic
D:4:      layout_loops_ring

Skill      XL: |  1  2  3  4  5  6 |
---------------+-------------------+-----
Conjurations   | 2 3 4 |  4.2
Fighting       | 1 2 3 4 |  4.2
Air Magic      | 5 |  5.8
Dodging        | |  2.1
Stealth        | |  2.0
Spellcasting   | |  2.0

Action                   |  1- 3 |  4- 6 || total
-------------------------+-------+-------++-------
Melee: Unarmed           |     2 |       ||     2
       Kick              |     5 |     2 ||     7
       Dagger            |    12 |       ||    12
       Peck              |     5 |     1 ||     6
       Short sword       |    16 |    11 ||    27
       Punch             |       |     1 ||     1
       Hunting sling     |       |     1 ||     1
 Fire: Hunting sling     |       |    88 ||    88
 Cast: Shock             |    32 |    24 ||    56
       Static Discharge  |     8 |     8 ||    16
       Magic Dart        |    11 |    12 ||    23
  Use: Potion            |     1 |     1 ||     2
 Stab: Sleeping          |     3 |       ||     3
Armor: Robe              |     9 |    12 ||    21
Dodge: Dodged            |    29 |    52 ||    81

Table legend: (Time is in decaauts)
 A = Elapsed time spent in this place.
 B = Non-inter-level travel time spent in this place.
 C = Inter-level travel time spent in this place.
 D = Time resting spent in this place.
 E = Time spent auto-exploring this place.
 F = Levels seen in this place.
 G = Mean time per level.
                   A        B        C        D        E       F      G
               +--------+--------+--------+--------+--------+-----+--------+
         Total |   4917 |   4821 |     96 |   2032 |   2182 |   4 | 1229.2 |
       Dungeon |   4917 |   4821 |     96 |   2032 |   2182 |   4 | 1229.2 |
               +--------+--------+--------+--------+--------+-----+--------+

Top non-repeatable levels by time:
     D:1: 1513 daAuts
     D:3: 1433 daAuts
     D:2: 1050 daAuts
     D:4: 919 daAuts
